AoeStats
← Clueless Clown

MegaRandom

506559681Analyzed
2v2 RM · 18d ago on Sep 14, 2026· 38m 3s· 4 players
Game mode
Random Map
Map size
Medium (4 player)
Population
200
Speed
Normal
Resources
Standard
Victory
Conquest
Starting age
Dark Age
Ending age
Imperial Age
RankedLock teamsTeams togetherTeam positionsShared explorationLock speedFull tech treeHidden civsTurbo modeCheats
Victory
Defeat
🇦🇷 Goths · Argentina
1080
+15
🇦🇷 Mongols · Argentina
1069
+15
🇺🇸 Jurchens · United States
1071
-15
🇺🇸 Hindustanis · United States
1043
-15
casper4405
6:47 Loom
9:39 Feudal Age
18:46 Double-Bit Axe
19:10 Fletching
22:07 Horse Collar
24:22 Town Watch
28:30 Castle Age
27:14 Padded Archer Armor
27:51 Stone Mining
29:24 Wheelbarrow
29:00 Crossbowman
30:34 Leather Archer Armor
30:15 Bodkin Arrow
32:11 Thumb Ring
32:49 Husbandry
32:59 Bloodlines
34:07 Bloodlines
Clueless Clown
6:54 Loom
10:32 Feudal Age
14:05 Castle Age
12:50 Scale Mail Armor
14:49 Squires
15:15 Squires
17:06 Horse Collar
20:22 Double-Bit Axe
20:52 Heavy Plow
21:35 Gambesons
23:26 Wheelbarrow
24:09 Chain Mail Armor
26:16 Arson
26:45 Padded Archer Armor
26:36 Fletching
26:08 Elite Skirmisher
28:29 Bodkin Arrow
28:50 Leather Archer Armor
[ESTG] Daupoch
5:25 Loom
10:07 Feudal Age
10:35 Man-at-Arms
11:26 Double-Bit Axe
11:58 Scale Mail Armor
12:04 Horse Collar
15:35 Forging
25:14 Wheelbarrow
28:18 Castle Age
28:27 Long Swordsman
29:25 Chain Mail Armor
29:48 Iron Casting
30:17 Heavy Plow
30:30 Bow Saw
30:25 Squires
30:00 Elite Skirmisher
33:59 Imperial Age
31:53 Stone Mining
31:56 Gold Mining
32:10 Murder Holes
32:23 Fletching
32:54 Masonry
32:31 Elite Skirmisher
36:33 Conscription
37:28 Bodkin Arrow
38:05 Architecture
39:03 Conscription
Roy DeMeo
7:05 Loom
9:06 Feudal Age
13:11 Fletching
20:39 Padded Archer Armor
20:50 Double-Bit Axe
24:55 Castle Age
25:27 Crossbowman
26:38 Bodkin Arrow
37:43 Nomads
Connection lost

Rejoining the realm…

Still unreachable

The connection could not be restored.

Session expired

The server has moved on; the page needs a fresh start.